 Dungeon Crawl Stone Soup version 0.29.0-4-gdea44cf6ec (webtiles) character file.

Game seed: 9240544085120234123

8476 qw the Severer (level 11, -1/95 HPs)
             Began as a Minotaur Fighter on Sept 7, 2022.
             Was a Follower of Ru.
             Slain by a vampire mosquito (9 damage)
             ... on level 11 of the Dungeon.
             The game lasted 00:03:52 (8858 turns).

qw the Severer (Minotaur Fighter)                   Turns: 8858, Time: 00:03:53

Health: -1/95      AC: 16    Str: 25    XL:     11   Next: 10%
Magic:  10/10      EV:  6    Int:  5    God:    Ru [*.....]
Gold:   179        SH: 13    Dex: 24    Spells: 10/10 levels left

rFire   . . .      SeeInvis .   Y - +2 war axe
rCold   . . .      Faith    .   p - +0 kite shield
rNeg    . . .      Spirit   .   q - +0 plate armour
rPois   .          Reflect  .   (helmet restricted)
rElec   .          Harm     .   d - +0 cloak
rCorr   .          Rampage  .   o - +1 pair of gloves
Will    .....                   (no boots)
Stlth   ..........              (no amulet)
HPRegen 0.25/turn               l - ring of the Greedy {Wiz Dex+8 Stlth-}
MPRegen 0.12/turn               e - +6 ring of dexterity

@: no status effects
A: horns 2, inability to train dodging, retaliatory headbutt
a: Renounce Religion


You were on level 11 of the Dungeon.
You worshipped Ru.
Ru was aware of your devotion.
You visited 2 branches of the dungeon, and saw 12 of its levels.

You collected 347 gold pieces.
You spent 168 gold pieces at shops.


Innate Abilities, Weirdness & Mutations

You have a pair of horns on your head.
You cannot train Dodging skill.
You reflexively headbutt those who attack you in melee.


   Skills:
 + Level 8.8 Fighting
 - Level 16.4 Axes
 - Level 1.2 Throwing
 - Level 7.0 Armour
 - Level 10.0 Shields


You had 10 spell levels left.
You didn't know any spells.
Your spell library was empty.

Inventory:

Hand Weapons
 b - a +2 hand axe of flaming
 Y - a +2 war axe (weapon)
Missiles
 c - 2 boomerangs (quivered)
Armour
 d - a +0 cloak (worn)
 o - a +1 pair of gloves (worn)
 p - a +0 kite shield (worn)
 q - a +0 plate armour (worn)
Jewellery
 e - a +6 ring of dexterity (right hand)
 l - the ring of the Greedy (left hand) {Wiz Dex+8 Stlth-}
   (You bought it in a shop on level 5 of the Dungeon)

   [ring of wizardry]

   It improves your spell success rate.
   Dex:       It affects your dexterity (+8).
   Stlth:     It makes you less stealthy.
Scrolls
 g - 10 scrolls of identify
Potions
 f - 2 potions of resistance
 h - 3 potions of haste
 i - 4 potions of might
 k - 2 potions of curing

Dungeon Overview and Level Annotations

Branches:
Dungeon (12/15)            Temple (1/1) D:6            Lair (0/5) D:9
    Orc: D:9-12

Altars:
Ashenzari
Cheibriados
Dithmenos
Elyvilon
Fedhas
Gozag
Hepliaklqana
Kikubaaqudgha
Makhleb
Nemelex Xobeh
Okawaru
Qazlal
Ru
Sif Muna
Trog
Vehumet
Wu Jian
Yredelemnul
Zin
The Shining One

Shops:
D:4 =   D:5 *   D:7 (

Annotations:
D:7 2 transporters


Message History

8851 ||| READING scroll of teleportation.
As you read the scroll of teleportation, it crumbles to dust.
You feel strangely unstable. You block the yak's attack.
You hit the yak but do no damage.
The yak is almost dead.
You hit the cyclops. The cyclops barely misses you. You furiously retaliate!
You headbutt the cyclops, but do no damage.
You block the yak's attack.
You hit the yak. You headbutt the yak.
You kill the yak!
You slash the cyclops!
The cyclops hits you but does no damage.
You hit the cyclops. You headbutt the cyclops.
The cyclops is almost dead.
Your surroundings suddenly seem different. 4 vampire mosquitoes come into view.
The vampire mosquito buzzes angrily. x3
Enter note: Throw: 3 boomerangs
Press: ? - help, Q - select action Shift-Dir - straight line, f - vampire mosquito You throw a boomerang.
The boomerang hits the vampire mosquito.
The vampire mosquito is lightly damaged.
You block the vampire mosquito's attack.
You hit the vampire mosquito. You headbutt the vampire mosquito.
The vampire mosquito is moderately damaged.
You hit the vampire mosquito.
The vampire mosquito is lightly damaged.
You hit the vampire mosquito.
You block the vampire mosquito's attack.
The vampire mosquito bites you but does no damage.
You slash the vampire mosquito!
The vampire mosquito is severely damaged.
You slash the vampire mosquito! x2
The vampire mosquito bites you.
The vampire mosquito draws strength from your injuries!
The vampire mosquito bites you!
You die...

####### .......
.
......y####....
.....yy@......#
#######y......#
#.......#
#.......#
#.......#
#........
.........
.........


You could see 4 vampire mosquitoes.

Vanquished Creatures
  A hydra (D:12)
  Pikel (D:6)
  A deep elf pyromancer (D:12)
  Maurice (D:9)
  11 yaks
  3 wraiths
  Eustachio (D:5)
  Edmund (D:5)
  2 wargs (D:9)
  Duvessa (D:7)
  2 water moccasins
  An acid dragon (D:8)
  2 orc warriors (D:9)
  3 ice beasts
  3 black bears
  A sky beast (D:6)
  An ogre (D:3)
  A centaur (D:9)
  2 lemures (D:6)
  A phantom (D:6)
  Blork the orc (D:4)
  3 bullfrogs (D:8)
  3 gnoll sergeants
  6 scorpions
  4 wights (D:8)
  Dowan (D:7)
  An electric eel (D:12)
  A gnoll bouda (D:5)
  2 hounds
  2 jellies
  5 orc priests
  7 iguanas
  7 orc wizards
  19 gnolls
  9 adders
  2 ufetubi
  A worm (D:2)
  4 dart slugs
  34 orcs
  5 endoplasms
  2 giant cockroaches
  10 goblins
  3 hobgoblins
  4 jackals (D:1)
  4 kobolds
  2 quokkas
  7 ball pythons
  6 bats (D:2)
  3 frilled lizards
  12 rats
210 creatures vanquished.

Notes
Turn   | Place    | Note
-------+----------+-------------------------------------------
     0 | D:1      | qw the Minotaur Fighter began the quest for the Orb.
     0 | D:1      | Reached XP level 1. HP: 19/19 MP: 0/0
     0 | D:1      | 0 ||| qw: Version: 0.1-a-108-g9e35731
     0 | D:1      | 0 ||| qw: Game counter: 6575
     0 | D:1      | 0 ||| qw: Always use a shield: true
     0 | D:1      | 0 ||| qw: God list: Ru
     0 | D:1      | 0 ||| qw: Allow faded altars: false
     0 | D:1      | 0 ||| qw: Do Orc after D:15 true
     0 | D:1      | 0 ||| qw: Do second Lair branch before Depths: true
     0 | D:1      | 0 ||| qw: Lair rune preference: random
     0 | D:1      | 0 ||| qw: Plans: Normal
     0 | D:1      | 0 ||| PLANNING D:1-11
    89 | D:1      | Reached skill level 3 in Axes
   227 | D:1      | Reached XP level 2. HP: 26/26 MP: 1/1
   308 | D:1      | 308 ||| Stepping ~*~*~tactically~*~*~ (stealth).
   309 | D:1      | 309 ||| Stepping ~*~*~tactically~*~*~ (stealth).
   333 | D:1      | Reached skill level 4 in Axes
   411 | D:1      | Noticed an eye of devastation
   416 | D:1      | Found a faded altar of an unknown god.
   418 | D:1      | Noticed a great orb of eyes
   418 | D:1      | Noticed a floating eye
   418 | D:1      | Noticed an eye of devastation
   508 | D:1      | Reached XP level 3. HP: 28/31 MP: 2/2
   980 | D:1      | 980 ||| READING scroll labelled CEMIHU YTZIOXY.
   981 | D:1      | 981 ||| READING 2 scrolls labelled NAARIQE JUBRY.
   982 | D:1      | 982 ||| READING scroll labelled XAS QASMYSSEGH.
   983 | D:1      | 983 ||| DROPPING scroll of immolation.
  1089 | D:2      | Reached skill level 5 in Axes
  1273 | D:2      | Reached skill level 1 in Dodging
  1273 | D:2      | Reached XP level 4. HP: 39/39 MP: 3/3
  1496 | D:2      | Found a hazy altar of Hepliaklqana.
  1668 | D:2      | 1668 ||| READING scroll labelled SUHUJA QACIMM.
  1669 | D:2      | 1669 ||| READING scroll labelled MECILO VEMERCH.
  1670 | D:2      | 1670 ||| DRINKING 2 yellow potions.
  1671 | D:2      | 1671 ||| READING 2 scrolls of identify.
  1671 | D:2      | 1671 ||| IDENTIFYING bubbling inky potion
  1672 | D:2      | 1672 ||| DROPPING potion of brilliance.
  1788 | D:3      | 1788 ||| Stepping ~*~*~tactically~*~*~ (stealth).
  1876 | D:3      | Noticed an ogre
  1877 | D:3      | 1877 ||| Stepping ~*~*~tactically~*~*~ (stealth).
  1885 | D:3      | Killed an ogre
  1886 | D:3      | Reached skill level 6 in Axes
  1886 | D:3      | Reached XP level 5. HP: 17/45 MP: 4/4
  2086 | D:3      | Identified the +0 ring mail "Nirreca" {-Tele rF+ rN+ rCorr}
  2125 | D:3      | Found an opulent altar of Gozag.
  2190 | D:3      | Found a white marble altar of Elyvilon.
  2227 | D:3      | 2227 ||| Stepping ~*~*~tactically~*~*~ (hiding).
  2228 | D:3      | 2228 ||| Stepping ~*~*~tactically~*~*~ (hiding).
  2393 | D:3      | Identified the +5 mace of Eternal Night {venom, Dex+3}
  2395 | D:3      | 2395 ||| DROPPING +0 whip.
  2396 | D:3      | 2396 ||| DRINKING 2 green potions.
  2397 | D:3      | 2397 ||| READING 3 scrolls of identify.
  2397 | D:3      | 2397 ||| IDENTIFYING inky potion
  2398 | D:3      | 2398 ||| DROPPING potion of degeneration.
  2406 | D:4      | 2406 ||| Stepping ~*~*~tactically~*~*~ (hiding).
  2411 | D:4      | Reached skill level 7 in Axes
  2422 | D:4      | 2422 ||| FLEEEEING.
  2423 | D:4      | 2423 ||| STAIRDANCE
  2544 | D:4      | Noticed Blork the orc
  2551 | D:4      | Killed Blork the orc
  2552 | D:4      | Reached XP level 6. HP: 46/52 MP: 5/5
  2630 | D:4      | Reached skill level 8 in Axes
  2697 | D:4      | Found Poimaj Zire's Jewellery Shoppe.
  2822 | D:4      | 2822 ||| SHOPLISTING +4 ring of protection (468 gold, have
                  | 169).
  2822 | D:4      | 2822 ||| SHOPLISTING +6 ring of dexterity (468 gold, have
                  | 169).
  2822 | D:4      | 2822 ||| SHOPLISTING ring "Ockalase" {rPois rN++ rCorr
                  | Str+6 Slay+3} (986 gold, have 169).
  2822 | D:4      | 2822 ||| SHOPLISTING ring of positive energy (260 gold,
                  | have 169).
  2822 | D:4      | 2822 ||| SHOPLISTING ring of resist corrosion (260 gold,
                  | have 169).
  2822 | D:4      | 2822 ||| SHOPLISTING ring of see invisible (195 gold, have
                  | 169).
  2822 | D:4      | 2822 ||| DROPPING +5 mace of Eternal Night {venom, Dex+3}.
  3063 | D:4      | 3063 ||| READING 2 scrolls labelled HAETRI QUCUMM.
  3064 | D:4      | 3064 ||| READING 2 scrolls labelled OKESKI SIUNINT.
  3067 | D:4      | 3067 ||| DRINKING 2 fizzy black potions.
  3068 | D:4      | 3068 ||| DRINKING 2 fizzy brown potions.
  3172 | D:4      | 3172 ||| READING 6 scrolls of identify.
  3172 | D:4      | 3172 ||| IDENTIFYING grey potion
  3173 | D:4      | 3173 ||| DRINKING potion of experience.
  3173 | D:4      | Reached skill level 16 in Axes
  3173 | D:4      | Reached XP level 7. HP: 59/59 MP: 6/6
  3174 | D:4      | 3174 ||| DROPPING potion of berserk rage.
  3175 | D:4      | 3175 ||| DROPPING scroll of poison.
  3198 | D:5      | Entered Level 5 of the Dungeon
  3269 | D:5      | Found Pexkeost's Assorted Antiques.
  3276 | D:5      | 3276 ||| BUYING chain mail (72 gold).
  3276 | D:5      | Bought a chain mail for 72 gold pieces
  3276 | D:5      | 3276 ||| BUYING scintillating marble ring (80 gold).
  3276 | D:5      | Bought a scintillating marble ring for 80 gold pieces
  3276 | D:5      | Identified the ring of the Greedy {Wiz Dex+8 Stlth-} (You
                  | bought it in a shop on level 5 of the Dungeon)
  3276 | D:5      | 3276 ||| BUYING scroll labelled DISAEZ JOG (16 gold).
  3276 | D:5      | Bought a scroll labelled DISAEZ JOG for 16 gold pieces
  3303 | D:5      | Reached XP level 8. HP: 67/67 MP: 7/7
  3338 | D:5      | Noticed Edmund
  3339 | D:5      | 3339 ||| Stepping ~*~*~tactically~*~*~ (hiding).
  3351 | D:5      | Killed Edmund
  3491 | D:5      | 3491 ||| DROPPING +0 flail.
  3562 | D:5      | 3562 ||| Stepping ~*~*~tactically~*~*~ (hiding).
  3586 | D:5      | HP: 17/69 [poisoned by a scorpion]
  3837 | D:5      | 3837 ||| DROPPING +0 flail of protection.
  3921 | D:5      | Noticed Eustachio
  3937 | D:5      | Killed Eustachio
  4112 | D:5      | Reached skill level 6 in Fighting
  4130 | D:5      | 4130 ||| Stepping ~*~*~tactically~*~*~ (hiding).
  4131 | D:5      | 4131 ||| Stepping ~*~*~tactically~*~*~ (hiding).
  4398 | D:5      | Reached skill level 1 in Throwing
  4582 | D:5      | 4582 ||| UPGRADING to +0 chain mail.
  4592 | D:5      | 4592 ||| DROPPING +0 scale mail.
  4593 | D:5      | 4593 ||| UPGRADING to ring of the Greedy {Wiz Dex+8
                  | Stlth-}.
  4594 | D:5      | 4594 ||| READING scroll labelled DISAEZ JOG.
  4595 | D:5      | 4595 ||| DRINKING 2 clear potions.
  4696 | D:5      | 4696 ||| READING 5 scrolls of identify.
  4696 | D:5      | 4696 ||| IDENTIFYING smoky clear potion
  4697 | D:5      | 4697 ||| DROPPING potion of ambrosia.
  4698 | D:5      | 4698 ||| DROPPING potion of magic.
  4754 | D:6      | 4754 ||| DROPPING +1 vampiric whip.
  4755 | D:6      | 4755 ||| Stepping ~*~*~tactically~*~*~ (stealth).
  4805 | D:6      | Reached XP level 9. HP: 61/75 MP: 8/8
  4838 | D:6      | 4838 ||| Stepping ~*~*~tactically~*~*~ (stealth).
  4840 | D:6      | 4840 ||| Stepping ~*~*~tactically~*~*~ (stealth).
  4849 | D:6      | Reached skill level 3 in Dodging
  4879 | D:6      | Noticed Pikel
  4880 | D:6      | 4880 ||| Stepping ~*~*~tactically~*~*~ (stealth).
  4881 | D:6      | 4881 ||| Stepping ~*~*~tactically~*~*~ (stealth).
  4883 | D:6      | 4883 ||| Stepping ~*~*~tactically~*~*~ (stealth).
  4886 | D:6      | 4886 ||| Stepping ~*~*~tactically~*~*~ (stealth).
  4916 | D:6      | 4916 ||| Stepping ~*~*~tactically~*~*~ (stealth).
  4918 | D:6      | 4918 ||| Stepping ~*~*~tactically~*~*~ (stealth).
  4922 | D:6      | 4922 ||| Stepping ~*~*~tactically~*~*~ (stealth).
  4923 | D:6      | 4923 ||| Stepping ~*~*~tactically~*~*~ (stealth).
  4927 | D:6      | Killed Pikel
  5026 | D:6      | 5026 ||| Stepping ~*~*~tactically~*~*~ (stealth).
  5027 | D:6      | 5027 ||| Stepping ~*~*~tactically~*~*~ (stealth).
  5499 | D:6      | Found a staircase to the Ecumenical Temple.
  5500 | D:6      | 5500 ||| PLANNING TEMPLE
  5500 | D:6      | 5500 ||| DROPPING +0 ring mail "Nirreca" {-Tele rF+ rN+
                  | rCorr}.
  5501 | D:6      | 5501 ||| UPGRADING to +0 pair of gloves.
  5506 | D:6      | 5506 ||| UPGRADING to +0 kite shield.
  5516 | D:6      | 5516 ||| DROPPING +0 buckler.
  5517 | D:6      | 5517 ||| UPGRADING to +0 plate armour.
  5527 | D:6      | 5527 ||| DROPPING +0 chain mail.
  5528 | D:6      | 5528 ||| READING scroll of enchant armour.
  5528 | D:6      | 5528 ||| ENCHANTING +0 pair of gloves.
  5529 | D:6      | 5529 ||| DROPPING +6 ring of intelligence.
  5530 | D:6      | 5530 ||| READING scroll labelled MOFUXZYHINK.
  5531 | D:6      | 5531 ||| READING 6 scrolls of identify.
  5531 | D:6      | 5531 ||| IDENTIFYING smoky sapphire potion
  5532 | D:6      | 5532 ||| DROPPING potion of attraction.
  5538 | Temple   | Entered the Ecumenical Temple
  5613 | Temple   | 5613 ||| PLANNING D:1-11
  5834 | D:7      | Reached skill level 6 in Shields
  5881 | D:7      | 5881 ||| Stepping ~*~*~tactically~*~*~ (hiding).
  5885 | D:7      | Noticed Dowan
  5888 | D:7      | Noticed Duvessa
  5890 | D:7      | 5890 ||| Stepping ~*~*~tactically~*~*~ (hiding).
  5904 | D:7      | Killed Duvessa
  5910 | D:7      | Killed Dowan
  5911 | D:7      | 5911 ||| FLEEEEING.
  5912 | D:7      | 5912 ||| FLEEEEING.
  5913 | D:7      | 5913 ||| FLEEEEING.
  5914 | D:7      | 5914 ||| FLEEEEING.
  5915 | D:7      | 5915 ||| FLEEEEING.
  5916 | D:7      | 5916 ||| FLEEEEING.
  5917 | D:7      | 5917 ||| FLEEEEING.
  5918 | D:7      | 5918 ||| FLEEEEING.
  5919 | D:7      | 5919 ||| FLEEEEING.
  5920 | D:7      | 5920 ||| FLEEEEING.
  5921 | D:7      | 5921 ||| FLEEEEING.
  5922 | D:7      | 5922 ||| FLEEEEING.
  5923 | D:7      | 5923 ||| FLEEEEING.
  5924 | D:7      | 5924 ||| FLEEEEING.
  5925 | D:7      | 5925 ||| FLEEEEING.
  5926 | D:7      | 5926 ||| FLEEEEING.
  5927 | D:7      | 5927 ||| FLEEEEING.
  5928 | D:7      | 5928 ||| FLEEEEING.
  5929 | D:7      | 5929 ||| FLEEEEING.
  5930 | D:7      | 5930 ||| FLEEEEING.
  5931 | D:7      | 5931 ||| FLEEEEING.
  5932 | D:7      | 5932 ||| FLEEEEING.
  5933 | D:7      | 5933 ||| FLEEEEING.
  5934 | D:7      | 5934 ||| FLEEEEING.
  5935 | D:7      | 5935 ||| FLEEEEING.
  5936 | D:7      | 5936 ||| FLEEEEING.
  5937 | D:7      | 5937 ||| FLEEEEING.
  5938 | D:7      | 5938 ||| FLEEEEING.
  5939 | D:7      | 5939 ||| FLEEEEING.
  5940 | D:7      | 5940 ||| FLEEEEING.
  5941 | D:7      | 5941 ||| FLEEEEING.
  5942 | D:7      | 5942 ||| FLEEEEING.
  5943 | D:7      | 5943 ||| FLEEEEING.
  6053 | D:7      | Found Weiram's Antique Weapon Shoppe.
  6105 | D:7      | Found a transporter.
  6116 | D:7      | Found a transporter.
  6440 | D:7      | Found a sparkling altar of Nemelex Xobeh.
  6454 | D:7      | Found a snail-covered altar of Cheibriados.
  6466 | D:7      | Found a basalt altar of Yredelemnul.
  6469 | D:7      | Found a sacrificial altar of Ru.
  6473 | D:7      | Became a worshipper of Ru the Awakened
  6623 | D:7      | 6623 ||| READING scroll labelled RARCHE SOEZ.
  6739 | D:8      | 6739 ||| Stepping ~*~*~tactically~*~*~ (stealth).
  6740 | D:8      | 6740 ||| Stepping ~*~*~tactically~*~*~ (stealth).
  6755 | D:8      | Reached XP level 10. HP: 48/85 MP: 9/9
  7139 | D:8      | 7139 ||| Stepping ~*~*~tactically~*~*~ (hiding).
  7349 | D:8      | 7349 ||| READING scroll labelled ZOECZA CEARPHON.
  7384 | D:9      | 7384 ||| Stepping ~*~*~tactically~*~*~ (hiding).
  7404 | D:9      | 7404 ||| FLEEEEING.
  7405 | D:9      | 7405 ||| FLEEEEING.
  7407 | D:9      | 7407 ||| FLEEEEING.
  7408 | D:9      | 7408 ||| STAIRDANCE
  7519 | D:9      | 7519 ||| STAIRDANCE
  7620 | D:9      | Reached skill level 9 in Shields
  7669 | D:9      | Noticed Maurice
  7670 | D:9      | 7670 ||| Stepping ~*~*~tactically~*~*~ (hiding).
  7695 | D:9      | Paralysed by something for 2 turns
  7709 | D:9      | 7709 ||| Stepping ~*~*~tactically~*~*~ (hiding).
  7710 | D:9      | 7710 ||| Stepping ~*~*~tactically~*~*~ (hiding).
  7716 | D:9      | Paralysed by something for 2 turns
  7731 | D:9      | Killed Maurice
  7765 | D:9      | 7765 ||| READING scroll of enchant weapon.
  7765 | D:9      | 7765 ||| ENCHANTING +1 war axe.
  7802 | D:9      | Found a flagged portal.
  7834 | D:9      | Found a staircase to the Lair.
  7845 | D:9      | Reached skill level 6 in Armour
  8060 | D:9      | 8060 ||| INVOKING Sacrifice Nimbleness.
  8060 | D:9      | Gained mutation: You cannot train Dodging skill. [Ru
                  | sacrifice]
  8060 | D:9      | Reached * piety under Ru
  8229 | D:9      | You fall into a shaft and drop 3 floors!
  8230 | D:12     | Noticed a six-headed hydra
  8234 | D:12     | 8234 ||| SWAPPING to +2 hand axe of flaming.
  8243 | D:12     | Killed a one-headed hydra
  8244 | D:12     | 8244 ||| SWAPPING to +2 war axe.
  8517 | D:12     | 8517 ||| Stepping ~*~*~tactically~*~*~ (stealth).
  8517 | D:12     | Noticed a deep elf pyromancer
  8518 | D:12     | 8518 ||| Stepping ~*~*~tactically~*~*~ (hiding).
  8525 | D:12     | Killed a deep elf pyromancer
  8530 | D:12     | HP: 21/88 [yak (7)]
  8531 | D:12     | 8531 ||| READING 2 scrolls of teleportation.
  8533 | D:12     | Reached XP level 11. HP: 22/94 MP: 10/10
  8820 | D:12     | 8820 ||| UPGRADING to +0 cloak.
  8825 | D:12     | 8825 ||| UPGRADING to +6 ring of dexterity.
  8826 | D:12     | 8826 ||| READING scroll labelled LIETAGUTSA.
  8827 | D:12     | 8827 ||| READING scroll labelled TIPTYT IGHIDGHA.
  8850 | D:11     | HP: 12/95 [cyclops (27)]
  8851 | D:11     | 8851 ||| READING scroll of teleportation.
  8858 | D:11     | HP: 8/95 [vampire mosquito (6)]
  8858 | D:11     | Slain by a vampire mosquito

Levels and vault maps discovered:
D:1:      arrival_zaba_pyramid, layout_basic,
          hellmonk_ecumenical_altar_watching_god
D:2:      layout_basic, serial_rivers, chequers_serial_rivers_micro_c,
          chequers_serial_rivers_room_b, chequers_serial_rivers_micro_d,
          chequers_serial_rivers_micro_c, chequers_serial_rivers_small_3,
          basic_altar
D:3:      layout_basic, nicolae_gozag_cash_rules_everything_around_me,
          nicolae_overflow_hidden_temple, hex_tiny
D:4:      layout_rooms, serial_shops, shop, uniq_blork_the_orc
D:5:      layout_gridville, serial_shops, shop, uniq_edmund, uniq_eustachio
D:6:      layout_cave_pools, minmay_temple_entry_waves, uniq_pikel
D:7:      gammafunk_steamed_eel, layout_basic, grunt_temple_overflow_cloverleaf,
          serial_shops, nicolae_shop_waterfront, uniq_duvessa
D:8:      layout_rooms
D:9:      layout_cave_pools, erik_lair_orcish_takeover, enter_bailey_3,
          uniq_maurice
D:11:     layout_irregular_city, orc_0_dummy
D:12:     lemuel_slime, layout_basic, minmay_misc_feat_alley, minivault_4,
          kennysheep_big_empty_room, uniq_sonja
Temple:   nicolae_temple_great_sept

Skill      XL: |  1  2  3  4  5  6  7  8  9 10 11 |
---------------+----------------------------------+-----
Axes           | 3 4 5 6 7 16 | 16.4
Dodging        | 1 2 3 0 |  0.0
Fighting       | 4 6 7 8 |  8.8
Throwing       | 1 |  1.2
Shields        | 7 9 10 | 10.0
Armour         | 4 7 |  7.0

Action                   |  1- 3 |  4- 6 |  7- 9 | 10-12 || total
-------------------------+-------+-------+-------+-------++-------
Melee: War axe           |    79 |    99 |   245 |   158 ||   581
       Headbutt          |    13 |    14 |    42 |    37 ||   106
       Hand axe          |       |       |       |     8 ||     8
Throw: Boomerang         |       |       |    41 |    16 ||    57
Invok: Sacrifice Nimblen |       |       |       |     1 ||     1
  Use: Scroll            |     3 |     7 |     6 |     6 ||    22
       Potion            |       |     5 |     1 |       ||     6
Armor: Scale mail        |    37 |    29 |    16 |       ||    82
       Chain mail        |       |       |    21 |       ||    21
       Plate armour      |       |       |    24 |    49 ||    73
Dodge: Dodged            |    32 |    42 |    58 |    31 ||   163
Block: Buckler           |    12 |    17 |    24 |       ||    53
       Kite shield       |       |       |    29 |    69 ||    98

Table legend:
 A = Non-vault XP
 B = Vault XP
 C = Vault XP percentage of total XP
 D = Non-vault monster count
 E = Vault monster count
 F = Vault count percentage of total count
                 A         B        C        D         E       F
            +---------+---------+-------+---------+---------+-------
      Total |    9059 |    2438 |  21.2 |     189 |      19 |   9.1
            +---------+---------+-------+---------+---------+-------
        D:1 |      50 |       0 |   0.0 |      21 |       0 |   0.0
        D:2 |      72 |       0 |   0.0 |      23 |       0 |   0.0
        D:3 |     169 |       0 |   0.0 |      18 |       0 |   0.0
        D:4 |     264 |      94 |  26.3 |      16 |       1 |   5.9
        D:5 |     969 |     373 |  27.8 |      25 |       2 |   7.4
        D:6 |     925 |     685 |  42.5 |      29 |       1 |   3.3
        D:7 |     736 |     222 |  23.2 |      11 |       2 |  15.4
        D:8 |     895 |       0 |   0.0 |      19 |       0 |   0.0
        D:9 |    1358 |    1064 |  43.9 |      14 |      13 |  48.1
       D:11 |    1060 |       0 |   0.0 |       5 |       0 |   0.0
       D:12 |    2561 |       0 |   0.0 |       8 |       0 |   0.0
            +---------+---------+-------+---------+---------+-------
